 Dungeon Crawl Stone Soup version 0.19-a0-450-g98b348d (webtiles) character file.

29 Geppetto the Insei (level 3, 0/26 HPs)
             Began as a Merfolk Transmuter on June 1, 2016.
             Killed from afar by Ijyb (5 damage)
             ... with a wand of flame
             ... on level 2 of the Dungeon.
             The game lasted 00:05:56 (881 turns).

Geppetto the Insei (Merfolk Transmuter)              Turns: 881, Time: 00:05:57

Health: 0/26       AC:  2    Str: 10    XL:     3   Next: 16%
Magic:  6/6        EV: 13    Int: 13    God:
Gold:   105        SH:  0    Dex: 14    Spells: 2 memorised, 3 levels left

rFire  . . .     SeeInvis .       - Unarmed
rCold  . . .     Gourm    .     b - +0 robe
rNeg   . . .     Faith    .     (no shield)
rPois  .         Spirit   .     (no helmet)
rElec  .         Dismiss  .     (no cloak)
rCorr  .         Reflect  .     (no gloves)
SustAt .         Harm     .     (no boots)
MR     .....                    (no amulet)
Stlth  +.........               (no ring)
                                (no ring)

@: very slightly contaminated, hasted, very quick, not resistant to hostile
enchantments, very unstealthy
A: change form in water, swift swim
a: no special abilities


You were on level 2 of the Dungeon.
You were not hungry.

You visited 1 branch of the dungeon, and saw 2 of its levels.

You collected 105 gold pieces.

Inventory:

Missiles
 a - 34 arrows
 m - 40 stones (quivered)
Armour
 b - a +0 robe (worn)
 q - a +0 helmet
Scrolls
 h - a scroll of amnesia {unknown}
 j - a scroll of identify {unknown}
 l - a scroll of fear {unknown}
 n - 2 scrolls of enchant weapon {unknown}
 r - a scroll of enchant armour {unknown}
 t - 2 scrolls of blinking {unknown}
Potions
 f - a potion of lignification {unknown}
 i - a potion of curing {unknown}
 o - a potion of heal wounds {unknown}
Books
 c - a book of Changes

   Spells                             Type                      Level
   a - Beastly Appendage              Transmutation                1
   b - Sticks to Snakes               Transmutation                2
   c - Spider Form                    Transmutation/Poison         3
   d - Ice Form                       Ice/Transmutation            4
   e - Blade Hands                    Transmutation                5
Comestibles
 d - 2 bread rations
 g - a slice of pizza
 k - a royal jelly
 p - a chunk of flesh
 s - 2 meat rations


   Skills:
 - Level 1.1 Fighting
 - Level 2.6 Dodging
 + Level 4.1 Unarmed Combat
 - Level 2.0 Spellcasting
 + Level 3.6 Transmutations


You had 3 spell levels left.
You knew the following spells:

 Your Spells              Type           Power        Failure   Level  Hunger
a - Beastly Appendage     Tmut           ##....       8%          1    ##.....
b - Sticks to Snakes      Tmut           ##......     10%         2    ###....


Dungeon Overview and Level Annotations

Branches:
Dungeon (2/15)

Altars:
Makhleb

Annotations:
D:2 Ijyb


Message History

Aim: a bat (moderately wounded)
You throw a stone. The stone hits the bat.
You kill the bat!
m - 39 stones (gained 4)
m - 40 stones (gained 1) Ijyb the Twisted Goblin comes into view.
Ijyb shouts!
Ijyb zaps a wand.
The puff of flame hits you!
It is a wand of flame.
You see here 2 stones.
Ijyb screams, "Get away!"
Found a stone staircase leading down.
Your horns disappear.
Ijyb zaps a wand.
The puff of flame hits you!
* * * LOW HITPOINT WARNING * * *
It was a potion of haste.
You feel yourself speed up.
You are very lightly contaminated with residual magic.
Okay, then.
Ijyb screams, "Get away!"
Ijyb zaps a wand.
The puff of flame hits you!
You die...

..........# #...#
.(........# #...#
..........# #...#
..........# ####...#
..g..(..>.#########......#
.....(...................#
.....g.).............#...#
.......(...........###...#
#.......##..@.....## #..##
#.......###...########..#
#...........######......#
#...?....#### ##..†##.######
#......... #..##........#
........#.#####.###........#
..........##...............#
................###........#
.........#......###........#


You could see Ijyb.

Vanquished Creatures
  An ooze (D:2)
  A worm (D:2)
  A ball python (D:1)
  4 bats (D:2)
  2 hobgoblins (D:1)
  5 kobolds
  2 giant newts (D:1)
  4 goblins (D:1)
  3 rats
23 creatures vanquished.

Notes
Turn   | Place    | Note
--------------------------------------------------------------
     0 | D:1      | Geppetto the Merfolk Transmuter began the quest for the Orb.
     0 | D:1      | Reached XP level 1. HP: 15/15 MP: 3/3
   117 | D:1      | Reached XP level 2. HP: 19/21 MP: 3/5
   556 | D:2      | Found a burning altar of Makhleb.
   580 | D:2      | Noticed a blizzard demon
   606 | D:2      | Learned a level 2 spell: Sticks to Snakes
   774 | D:2      | Reached XP level 3. HP: 26/26 MP: 6/6
   841 | D:2      | Reached skill level 4 in Unarmed Combat
   873 | D:2      | Noticed Ijyb
   881 | D:2      | Killed from afar by Ijyb

Vault maps used:
D:1:      dpeg_arrival_rooms_a
D:2:      grunt_temple_overflow_order_and_chaos_2, yredelemnul_altar_generic,
          uniq_natasha, uniq_iyjb

Skill      XL: |  1  2  3 |
---------------+----------+-----
Transmutations | 3 |  3.6
Unarmed Combat | 4 |  4.1
Fighting       | |  1.1
Dodging        | |  2.6
Spellcasting   | |  2.0

Action                   || total
-------------------------++-------
Melee: Unarmed           ||    55
       Headbutt          ||     4
Throw: Stone             ||    50
 Cast: Beastly Appendage ||    17
  Use: Potion            ||     1
Armor: Robe              ||    14
Dodge: Dodged            ||    36
